 Dungeon Crawl Stone Soup version 0.22-a0-271-gc000056 (webtiles) character file.

217 tidbits the Chiller (level 5, 0/38 HPs)
             Began as a Gnoll Ice Elementalist on Mar 11, 2018.
             Killed from afar by Blork the orc (7 damage)
             ... with a magic dart
             ... on level 4 of the Dungeon.
             The game lasted 00:08:44 (970 turns).

tidbits the Chiller (Gnoll Ice Elementalist)         Turns: 970, Time: 00:08:45

Health: 0/38       AC:  3    Str: 11    XL:     5   Next: 94%
Magic:  8/12       EV: 15    Int: 18    God:
Gold:   162        SH:  0    Dex: 15    Spells: 8/14 levels left

rFire    . . .     SeeInvis .   a - +2 short sword (venom)
rCold    . . .     Gourm    .   (no shield)
rNeg     . . .     Faith    .   B - +0 robe
rPois    .         Spirit   .   (no helmet)
rElec    .         Reflect  .   C - +0 cloak
rCorr    .         Harm     .   (no gloves)
MR       .....                  (no boots)
Stlth    +++.......             (no amulet)
HPRegen  0.12/turn              (no ring)
MPRegen  0.13/turn              (no ring)

@: no status effects
A: distributed training, fangs 1, strong nose
a: no special abilities


You were on level 4 of the Dungeon.
You were not hungry.

You visited 1 branch of the dungeon, and saw 6 of its levels.

You collected 162 gold pieces.

Inventory:

Hand Weapons
 a - a +2 short sword of venom (weapon)
   (You found it on level 1 of the Dungeon)
 e - a +0 whip
 f - a +2 vampiric short sword
   (You took it off an orc on level 3 of the Dungeon)
 j - a +0 dagger
 k - a +2 dagger of protection
   (You took it off a kobold on level 3 of the Dungeon)
 l - a +0 flail
 m - a +0 war axe
Missiles
 g - 43 arrows
 s - 8 curare-tipped needles
Armour
 h - a +0 robe
 B - a +0 robe (worn)
 C - a +0 cloak (worn)
Jewellery
 o - an uncursed ring of ice
   (You found it on level 2 of the Dungeon)
Scrolls
 b - a scroll of random uselessness
 n - a scroll of enchant weapon
 p - a scroll of enchant armour {unknown}
 q - a scroll of teleportation
 r - 2 scrolls of remove curse
Comestibles
 c - 7 rations


   Skills:
 + Level 1.6 Fighting
 + Level 1.6 Short Blades
 + Level 1.6 Long Blades
 + Level 1.6 Axes
 + Level 1.6 Maces & Flails
 + Level 1.6 Polearms
 + Level 1.6 Staves
 + Level 1.6 Slings
 + Level 1.6 Bows
 + Level 1.6 Crossbows
 + Level 1.6 Throwing
 + Level 1.6 Armour
 + Level 4.8 Dodging
 + Level 4.5 Stealth
 + Level 1.6 Shields
 + Level 1.6 Unarmed Combat
 + Level 5.2 Spellcasting
 + Level 2.5 Conjurations
 + Level 1.3 Hexes
 + Level 1.3 Charms
 + Level 1.3 Summonings
 + Level 1.3 Necromancy
 + Level 1.3 Translocations
 + Level 1.3 Transmutations
 + Level 1.3 Fire Magic
 + Level 5.6 Ice Magic
 + Level 1.3 Air Magic
 + Level 1.3 Earth Magic
 + Level 1.3 Poison Magic
 + Level 1.9 Invocations
 + Level 1.6 Evocations


You had 8 spell levels left.
You knew the following spells:

 Your Spells              Type           Power        Failure   Level  Hunger
a - Freeze                Ice            ###.         1%          1    None
j - Throw Frost           Conj/Ice       ###...       3%          2    #......
o - Ozocubu's Armour      Chrm/Ice       ###.....     10%         3    ##.....


Dungeon Overview and Level Annotations

Branches:
Dungeon (6/15)
 Temple: D:4-7

Altars:
Elyvilon
Trog

Annotations:
D:4 Blork the orc


Innate Abilities, Weirdness & Mutations

Your experience applies equally to all skills.
You have very sharp teeth.
Your uncanny sense of smell can sniff out nearby items.


Message History

Aim: a crimson imp (severely wounded)
You freeze the crimson imp.
The crimson imp is frozen!
You kill the crimson imp!
You feel sick.
Found a stone staircase leading up.
You feel sick.
There is a stone staircase leading up here.
You feel sick.
You climb upwards.
Found a ration.
There is a stone staircase leading down here.
Unknown command.
You see here a ration.
c - 7 rations (gained 1)
You feel sick.
There is a stone staircase leading down here.
You feel sick.
You open the door.
Unknown command.
Okay, then.
An adder skeleton comes into view.
There is an open door here.
You feel better. The adder skeleton closely misses you.
You hit the adder skeleton.
The adder skeleton is lightly damaged.
The adder skeleton misses you.
You hit the adder skeleton.
The adder skeleton is moderately damaged.
The adder skeleton bites you but does no damage.
You barely miss the adder skeleton.
The adder skeleton is moderately damaged.
The adder skeleton barely misses you.
You barely miss the adder skeleton.
The adder skeleton is moderately damaged.
The adder skeleton closely misses you.
You puncture the adder skeleton!
The adder skeleton is severely damaged.
The adder skeleton bites you.
You hit the adder skeleton.
You destroy the adder skeleton!
You open the door.
There is an open door here.
You open the door.
Blork the orc comes into view.
He is wielding a hand axe.
There is an open door here.
As you read the scroll of identify, it crumbles to dust.
n - a scroll of enchant weapon
Okay, then.
You aren't carrying any potions.
Unknown command.
Blork the orc shouts!
There is an open door here.
You aren't carrying any potions.
Unknown command.
Blork the orc casts a spell at you. The magic dart hits you!
Blork the orc closely misses you.
Casting: Freeze (safe; 1% risk of failure)
Confirm with . or Enter, or press ? or * to list all spells.
Aiming: Freeze (safe; 1% risk of failure)
Press: ? - help, Shift-Dir - straight line, f - Blork the orc
Aim: Blork the orc, wielding a hand axe and wearing a robe You freeze Blork the orc.
Blork the orc is moderately wounded.
Blork the orc casts a spell at you. The puff of flame hits you!
* * * LOW HITPOINT WARNING * * *
Press: ? - help, v - describe, . - travel
Here: Blork the orc, wielding a hand axe and wearing a robe (moderately wounded)
The floor.
You hit Blork the orc.
Blork the orc is poisoned.
Blork the orc is heavily wounded.
Blork the orc hits you with a hand axe.
* * * LOW HITPOINT WARNING * * *
Casting: Freeze (safe; 1% risk of failure)
Confirm with . or Enter, or press ? or * to list all spells.
Aiming: Freeze (safe; 1% risk of failure)
Press: ? - help, Shift-Dir - straight line, f/p - Blork the orc
Aim: Blork the orc, wielding a hand axe and wearing a robe (heavily wounded, poisoned)
You freeze Blork the orc.
Blork the orc is heavily wounded.
Casting: Freeze (safe; 1% risk of failure)
Confirm with . or Enter, or press ? or * to list all spells.
Aiming: Freeze (safe; 1% risk of failure)
Press: ? - help, Shift-Dir - straight line, f/p - Blork the orc
Aim: Blork the orc, wielding a hand axe and wearing a robe (heavily wounded, poisoned)
You freeze Blork the orc.
Blork the orc is severely wounded.
Blork the orc barely misses you.
Casting: Freeze (safe; 1% risk of failure)
Confirm with . or Enter, or press ? or * to list all spells.
Aiming: Freeze (safe; 1% risk of failure)
Press: ? - help, Shift-Dir - straight line, f/p - Blork the orc
Aim: Blork the orc, wielding a hand axe and wearing a robe (severely wounded, poisoned)
You freeze Blork the orc.
Blork the orc is severely wounded.
Blork the orc points at you and mumbles some strange words.
The magic dart hits you!
You die...

#.# #.# ∆ ∆ #.# #.# ####
########.#
...######......#.#####.#
...'...........'........
########.......#.##....
#...#####@# . ∆ #...#
#o# ∆ ##### ... ##.## ∆
#.# ∆ #.. ∆ ###


You could see Blork the orc.

Vanquished Creatures
  A crimson imp (D:5)
  A hound (D:4)
  An orc wizard (D:3)
  Crazy Yiuf (D:3)
  A worker ant (D:5)
  2 adders
  An ooze (D:2)
  An adder skeleton (D:4)
  A worm (D:5)
  A leopard gecko (D:3)
  4 orcs (D:3)
  3 bats
  3 goblins (D:1)
  2 hobgoblins
  7 jackals
  2 kobolds
  A quokka (D:3)
  3 frilled lizards (D:1)
  7 rats
  A fungus (D:3)
44 creatures vanquished.

Notes
Turn   | Place    | Note
-------+----------+-------------------------------------------
     0 | D:1      | tidbits the Gnoll Ice Elementalist began the quest for the Orb.
     0 | D:1      | Reached XP level 1. HP: 13/13 MP: 6/6
    45 | D:1      | Reached skill level 2 in Conjurations
    78 | D:1      | Reached XP level 2. HP: 19/19 MP: 5/7
    82 | D:1      | Learned a level 2 spell: Throw Frost
   222 | D:2      | Found a white marble altar of Elyvilon.
   296 | D:2      | Found a bloodstained altar of Trog.
   392 | D:2      | Reached XP level 3. HP: 25/25 MP: 9/9
   460 | D:3      | Found a runed door.
   464 | D:3      | Noticed Crazy Yiuf
   475 | D:3      | Killed Crazy Yiuf
   475 | D:3      | Reached skill level 5 in Spellcasting
   475 | D:3      | Reached skill level 1 in Invocations
   530 | D:3      | Reached skill level 1 in Fighting
   530 | D:3      | Reached skill level 1 in Short Blades
   530 | D:3      | Reached skill level 1 in Long Blades
   530 | D:3      | Reached skill level 1 in Axes
   530 | D:3      | Reached skill level 1 in Maces & Flails
   530 | D:3      | Reached skill level 1 in Polearms
   530 | D:3      | Reached skill level 1 in Staves
   530 | D:3      | Reached skill level 1 in Slings
   530 | D:3      | Reached skill level 1 in Bows
   530 | D:3      | Reached skill level 1 in Crossbows
   530 | D:3      | Reached skill level 1 in Throwing
   530 | D:3      | Reached skill level 1 in Armour
   530 | D:3      | Reached skill level 1 in Shields
   530 | D:3      | Reached skill level 1 in Unarmed Combat
   530 | D:3      | Reached skill level 1 in Evocations
   599 | D:2      | Reached XP level 4. HP: 17/32 MP: 11/11
   724 | D:3      | Reached skill level 1 in Hexes
   724 | D:3      | Reached skill level 1 in Charms
   724 | D:3      | Reached skill level 1 in Summonings
   724 | D:3      | Reached skill level 1 in Necromancy
   724 | D:3      | Reached skill level 1 in Translocations
   724 | D:3      | Reached skill level 1 in Transmutations
   724 | D:3      | Reached skill level 1 in Fire Magic
   724 | D:3      | Reached skill level 1 in Air Magic
   724 | D:3      | Reached skill level 1 in Earth Magic
   724 | D:3      | Reached skill level 1 in Poison Magic
   817 | D:4      | Learned a level 3 spell: Ozocubu's Armour
   826 | D:4      | Reached XP level 5. HP: 20/37 MP: 9/12
   846 | D:5      | Entered Level 5 of the Dungeon
   959 | D:4      | Noticed Blork the orc
   970 | D:4      | Killed from afar by Blork the orc

Vault maps used:
D:1:      dpeg_arrival_boxorama, minmay_pentomino_o2
D:2:      kennysheep_ying_yang, lemuel_doored_altar, serial_co_window_serial,
          co_window_paths_b, co_window_corner_a, co_window_of_opportunity_a,
          co_window_corner_a, co_window_of_opportunity_a, co_window_corner_b,
          co_window_broadway_b, co_window_of_opportunity_b, co_window_paths_c,
          co_window_paths_d, first_ration
D:3:      nemelex_xobeh_ov_fountains_minmay, uniq_crazy_yiuf_cottage
D:4:      doesnt_xom_only_xom, uniq_blork_the_orc
D:5:      okawaru_altar_gauntlet_db, gup_sewer_entry_bowl, serial_shops, shop,
          basic_altar, small_statue_intersection
D:6:      kennysheep_mini, ashenzari_altar_1

Skill      XL: |  1  2  3  4 |
---------------+-------------+-----
Conjurations   | 2 |  2.5
Spellcasting   | 5 |  5.2
Invocations    | 1 |  1.9
Fighting       | 1 |  1.6
Short Blades   | 1 |  1.6
Long Blades    | 1 |  1.6
Axes           | 1 |  1.6
Maces & Flails | 1 |  1.6
Polearms       | 1 |  1.6
Staves         | 1 |  1.6
Slings         | 1 |  1.6
Bows           | 1 |  1.6
Crossbows      | 1 |  1.6
Throwing       | 1 |  1.6
Armour         | 1 |  1.6
Shields        | 1 |  1.6
Unarmed Combat | 1 |  1.6
Evocations     | 1 |  1.6
Hexes          | 1 |  1.3
Charms         | 1 |  1.3
Summonings     | 1 |  1.3
Necromancy     | 1 |  1.3
Translocations | 1 |  1.3
Transmutations | 1 |  1.3
Fire Magic     | 1 |  1.3
Air Magic      | 1 |  1.3
Earth Magic    | 1 |  1.3
Poison Magic   | 1 |  1.3
Dodging        | |  4.8
Stealth        | |  4.5
Ice Magic      | |  5.6

Action                   |  1- 3 |  4- 6 || total
-------------------------+-------+-------++-------
Melee: Whip              |     3 |       ||     3
       Short sword       |    24 |    39 ||    63
       Bite              |     2 |     3 ||     5
       Unarmed           |     7 |       ||     7
 Cast: Freeze            |    11 |    32 ||    43
       Ozocubu's Armour  |       |     1 ||     1
  Use: Scroll            |     8 |     2 ||    10
       Potion            |     3 |     2 ||     5
 Stab: Sleeping          |     7 |     2 ||     9
Armor: Robe              |     2 |    16 ||    18
       Skin              |     4 |       ||     4
Dodge: Dodged            |    10 |    36 ||    46

Table legend:
 A = Spawn XP
 B = Non-spawn XP
 C = Spawn XP percentage of total XP
 D = Spawn monster count
 E = Non-spawn monster count
 F = Spawn count percentage of total count
 G = Total turns spent on level
                    A         B        C        D         E        F      G
               +---------+---------+-------+---------+---------+-------+---------
         Total |       0 |     311 |   0.0 |       0 |      43 |   0.0 |   970
               +---------+---------+-------+---------+---------+-------+---------
           D:1 |       0 |      18 |   0.0 |       0 |      12 |   0.0 |   165
           D:2 |       0 |      23 |   0.0 |       0 |       4 |   0.0 |   294
           D:3 |       0 |     119 |   0.0 |       0 |      20 |   0.0 |   323
           D:4 |       0 |      64 |   0.0 |       0 |       4 |   0.0 |   116
           D:5 |       0 |      87 |   0.0 |       0 |       3 |   0.0 |    65
               +---------+---------+-------+---------+---------+-------+---------

Table legend:
 A = Turns spent in this place as a percentage of turns spent in the entire game.
 B = Non-inter-level travel turns spent in this place as a percentage of non-inter-level travel turns spent in the entire game.
 C = Inter-level travel turns spent in this place as a percentage of turns spent in this place.
 D = Turns resting spent in this place as a percentage of non-inter-level travel turns spent in this place.
 E = Turns spent auto-exploring this place as a percentage of non-inter-level travel turns spent in this place.
 F = Non-inter-level travel turns spent in this place divided by the number of levels of this place that you've seen.
                   A       B       C       D       E      F
               +-------+-------+-------+-------+-------+----------------------
         Total | 100.0 | 100.0 |   0.0 |   0.0 |   0.0 | 161.7
       Dungeon | 100.0 | 100.0 |   0.0 |   0.0 |   0.0 | 161.7
               +-------+-------+-------+-------+-------+----------------------

Table legend:
 A = Kills in this place as a percentage of kills in entire the game.
 B = Kills by you in this place as a percentage of kills by you in the entire game.
 C = Kills by friends in this place as a percentage of kills by friends in the entire game.
 D = Other kills in this place as a percentage of other kills in the entire game.
 E = Experience gained in this place as a percentage of experience gained in the entire game.
 F = Experience gained in this place divided by the number of levels of this place that you have seen.
                   A       B       C       D       E      F
               +-------+-------+-------+-------+-------+----------------------
         Total | 100.0 | 100.0 |   N/A |   N/A | 100.0 |  51.8
       Dungeon | 100.0 | 100.0 |   N/A |   N/A | 100.0 |  51.8
               +-------+-------+-------+-------+-------+----------------------

Vault maps used:
D:1:      dpeg_arrival_boxorama, minmay_pentomino_o2
D:2:      kennysheep_ying_yang, lemuel_doored_altar, serial_co_window_serial,
          co_window_paths_b, co_window_corner_a, co_window_of_opportunity_a,
          co_window_corner_a, co_window_of_opportunity_a, co_window_corner_b,
          co_window_broadway_b, co_window_of_opportunity_b, co_window_paths_c,
          co_window_paths_d, first_ration
D:3:      nemelex_xobeh_ov_fountains_minmay, uniq_crazy_yiuf_cottage
D:4:      doesnt_xom_only_xom, uniq_blork_the_orc
D:5:      okawaru_altar_gauntlet_db, gup_sewer_entry_bowl, serial_shops, shop,
          basic_altar, small_statue_intersection
D:6:      kennysheep_mini, ashenzari_altar_1
